 Dungeon Crawl Stone Soup version 0.31-a0-196-g86fe4a5e66 (webtiles) character file.

Game seed: 2592609292025634586

599205 juan097 the Slayer (level 26, 0/234 HPs)
             Began as a Minotaur Berserker on June 24, 2023.
             Was the Champion of Trog.
             Killed from afar by a Killer Klown (44 damage)
             ... with a klown pie
             ... on level 5 of the Realm of Zot on June 25, 2023.
             The game lasted 02:45:53 (67874 turns).

juan097 the Slayer (Minotaur Berserker)            Turns: 67874, Time: 02:45:54

Health: 0/234      AC:  0    Str: 20 (25) XL:     26   Next: 43%
Magic:  0/24       EV: 18    Int:  2      God:    Trog [******]
Gold:   4414       SH:  0    Dex: 16      Spells: 25/25 levels left

rFire   . . .        a - melded +7 eveningstar (vamp)
rCold   . . .        B - melded +1 tower shield {rC+ rF+}
rNeg    . . .        Q - melded +4 gold dragon scales
rPois   .            h - melded +2 hat
rElec   +            s - melded +4 dragonskin cloak
rCorr   .            Z - melded +2 pair of gloves
SInv    +            R - melded -1 pair of boots "Vuciduoh" {Rampage Int+7 Slay+2 Stlth-}
Will    ++...        X - amulet of Boade {Spirit rElec Will+ Str-3 SInv}
Stlth   ++++         Y - melded ring "Orhel" {rElec rN++ Int+3 Slay+4 Stlth+, =R}
HPRegen 0.59/turn    u - melded ring of resist corrosion
MPRegen 0.19/turn

%: guardian spirit
@: mighty, pig-form, vertiginous, studying Axes, unable to drink, very quick
A: fast, no casting, small, (horns 2), (retaliatory headbutt), (iridescent
scales 2), (large bone plates 1), (deformed body), dopey 1, (fire resistance 1),
frail 1, high MP 1, screaming 1, inability to drink after injury 2
}: 3/15 runes: decaying, serpentine, silver
a: Renounce Religion, Berserk, Trog's Hand, Brothers in Arms


You were on level 5 of the Realm of Zot.
You worshipped Trog.
Trog was exalted by your worship.
You were a filthy swine.
You visited 9 branches of the dungeon, and saw 47 of its levels.
You visited the Abyss 4 times.
You also visited: Bailey and Gauntlet.

You collected 6920 gold pieces.
You spent 2506 gold pieces at shops.

Inventory:

Hand Weapons
 a - a +7 vampiric eveningstar (melded)
 b - a +4 antimagic morningstar
Missiles
 i - 14 boomerangs
 C - 11 throwing nets
 D - 24 curare-tipped darts
 J - 7 datura-tipped darts
 M - 9 silver javelins
 O - 4 javelins
Armour
 h - a +2 hat (melded)
 s - the +4 dragonskin cloak (melded)
   (You took it off Tiamat on level 1 of the Realm of Zot)

   Avatar's Aegis: It grants the wearer a chance to resist fire, cold, poison,
   electricity, acid, and negative energy.
 B - a +1 tower shield of resistance (melded)
 K - +2 shadow dragon scales
 Q - +4 gold dragon scales (melded)
 R - the -1 pair of boots "Vuciduoh" (melded) {Rampage Int+7 Slay+2 Stlth-}
   (You found it on level 8 of the Dungeon)

   Int:       It affects your intelligence (+7).
   Slay:      It affects your accuracy & damage with ranged weapons and melee
   (+2).
   Rampage:   It bestows one free step when moving towards enemies.
   Stlth:     It makes you less stealthy.
 Z - a +2 pair of gloves (melded)
Jewellery
 d - a ring of willpower
 g - a +5 ring of evasion
 p - the ring of Freedom {Fly rC+ Str+2}
   (You found it on level 2 of the Depths)

   [ring of flight]

   Str:       It affects your strength (+2).
   rC:        It protects you from cold.
   Fly:       It grants you flight.
 q - the ring of Ucetic {+Blink AC+4 Int+2}
   (You found it on level 3 of the Elven Halls)

   [ring of protection]

   AC:        It affects your AC (+4).
   Int:       It affects your intelligence (+2).
   +Blink:    It lets you blink.
 u - a ring of resist corrosion (melded)
 S - a ring of protection from fire
 X - the amulet of Boade (around neck) {Spirit rElec Will+ Str-3 SInv}
   (You took it off a deep elf annihilator on level 3 of the Elven Halls)

   [amulet of guardian spirit]

   It causes incoming damage to be divided between your reserves of health and
   magic.
   Str:       It affects your strength (-3).
   rElec:     It insulates you from electricity.
   SInv:      It lets you see invisible.
   Will:      It increases your willpower.
 Y - the ring "Orhel" (melded) {rElec rN++ Int+3 Slay+4 Stlth+, =R}
   (You acquired it on level 2 of the Lair of Beasts)

   [ring of slaying]

   Int:       It affects your intelligence (+3).
   Slay:      It affects your accuracy & damage with ranged weapons and melee
   (+4).
   rElec:     It insulates you from electricity.
   rN:        It greatly protects you from negative energy.
   Stlth:     It makes you more stealthy.
Wands
 z - a wand of quicksilver (19)
 N - a wand of digging (11)
 P - a wand of roots (91)
Scrolls
 c - 6 scrolls of brand weapon
 f - 8 scrolls of poison
 k - 2 scrolls of butterflies
 r - 11 scrolls of teleportation
 t - 2 scrolls of silence
 w - 14 scrolls of fear
 E - a scroll of revelation
 H - 5 scrolls of fog
 I - 2 scrolls of blinking
Potions
 e - 20 potions of curing
 l - 9 potions of heal wounds
 m - 10 potions of enlightenment
 n - 2 potions of haste
 o - 12 potions of lignification
 v - 4 potions of berserk rage
 x - 3 potions of might
 A - a potion of invisibility
 F - 15 potions of attraction
 G - 3 potions of cancellation
 L - 3 potions of magic
 V - 2 potions of resistance
 W - 2 potions of ambrosia
Miscellaneous
 j - a sack of spiders
 T - a lightning rod (4/4)
 U - a phial of floods


   Skills:
 - Level 26.0 Fighting
 + Level 19.6 Maces & Flails
 - Level 6.0 Ranged Weapons
 + Level 20.9 Throwing
 - Level 26.0 Armour
 - Level 14.0 Dodging
 - Level 8.0 Stealth
 - Level 24.0 Shields
 - Level 16.0 Evocations


You had 25 spell levels left.
You didn't know any spells.
Your spell library contained the following spells:

 Spells                   Type           Power      Damage    Failure   Level
 Kiss of Death            Conj/Necr      0%         2d5       69%         1
 Shock                    Conj/Air       0%         1d3       69%         1
 Slow                     Hex            0%         N/A       69%         1
 Confusing Touch          Hex            0%         N/A       95%         3
 Mephitic Cloud           Conj/Pois/Air  0%         N/A       95%         3
 Dispel Undead            Necr           0%         3d6       100%        4
 Maxwell's Capacitive Co  Air            0%         ∞         100%        8


Dungeon Overview and Level Annotations

Branches:
Dungeon (15/15)            Temple (0/1) D:7            Lair (5/5) D:11
  Swamp (4/4) Lair:3        Snake (4/4) Lair:2        Slime (0/5) Lair:4
    Orc (2/2) D:9             Elf (3/3) Orc:2        Vaults (5/5) D:14
  Crypt (0/3) Vaults:3     Depths (4/4) D:15            Zot (5/5) Depths:4
 Bailey (visited)         Gauntlet (visited)

Altars:
Elyvilon
Fedhas
Hepliaklqana
Makhleb
Qazlal
Ru
Uskayaw
Vehumet
Yredelemnul

Shops:
D:3 !   D:6 :   Orc:2 (*!*   Elf:2 (   Snake:1 (::[   Snake:2 ?   Vaults:3 [
Vaults:4 *   Depths:1 *

Portals:
Hell: Depths:1 Depths:2 Depths:3 Depths:4
Abyss: Depths:1 Depths:2 Depths:3 Depths:4
Pandemonium: Depths:2
Ziggurat: Depths:3

Annotations:
D:7 3 runed translucent doors, Moral's ghost, novice HOFi; Starbright's ghost, novice TrBe; runemasterragnar's ghost, novice OpFi
D:14 3 runed translucent doors


Innate Abilities, Weirdness & Mutations

You are a filthy swine.
You move quickly.
Your equipment is almost entirely melded.
You are incapable of wielding weapons or throwing items.
You cannot cast spells.
((You have a pair of horns on your head.))
((You reflexively headbutt those who attack you in melee.))
((You are mostly covered in iridescent scales. (AC +4)))
((You are partially covered in large bone plates. (SH +4)))
((Armour fits poorly on your strangely shaped body.))
You are dopey. (Int -2)
((Your flesh is heat resistant. (rF+)))
You are frail. (-10% HP)
You have an increased reservoir of magic. (+10% MP)
You occasionally shout uncontrollably at your foes.
You sometimes lose the ability to drink potions when taking damage.


Message History

The white draconian closely misses you.
Things that are here:
a +0 dagger; a +0 cloak; a yellow draconian skeleton The Orb Guardian hits you!
The black draconian knight attacks as you move away!
The black draconian knight barely misses you.
The Killer Klown pies you viciously! The klown pie misses you.
The klown pie hits the white draconian!!!
Moon pie!
The white draconian evaporates and reforms as a catoblepas!
The black draconian knight casts a spell at you.
The shard of ice misses you.
You hear a loud "Zot"!
The power of Zot is invoked against you!
You feel weakened.
The Killer Klown disappears!
The Killer Klown pies you viciously! The klown pie hits you!
Plum!
You feel light-headed. The Orb Guardian hits you!!!
* * * LOW HITPOINT WARNING * * *
The red draconian hits you from afar with a +0 trident.
* * * LOW HITPOINT WARNING * * *
Blink to where?
Press: ? - help, Dir - move target
As you read the scroll of blinking, it crumbles to dust.
As you read the scroll of fog, it dissolves into smoke.
The purple draconian shifter gestures at you while chanting.
You easily resist.
The Killer Klown blinks!
The black draconian knight breathes lightning at you.
The bolt of lightning hits you! You resist.
* * * LOW HITPOINT WARNING * * *
You hear a roar!
The black draconian knight breathes lightning at you.
The bolt of lightning misses you. The Killer Klown pies you viciously!
The klown pie hits you!!!
Plum!
You feel your light-headedness will last longer.
You die...

.....# #.# ##.##.........### #.
###..####.####...'.........#.###.
# #.............##..q......#...'^
# ###.###.####.###...(.....'q###.
#####+###.####+###.........### #.
.......##.##................# ##
.......##.##....p...........#
.......##..+................#
.......+..##....h...........#
.......##.##................#
.......#####................#
#'###### #######..........## #.#
##'####.....# ..# #.# #.....# ###
#.# #.....#### # #.####.^...##..
# #....'.....'..#


You could see a Killer Klown and a black draconian knight (fast, invisible,
catching breath).

Vanquished Creatures
  Tiamat (Zot:1)
  3 dread liches
  3 ancient liches
  4 orbs of fire
  Mara (Depths:1)
  Sojobo (Vaults:2)
  Vv (Zot:3)
  Boris (Vaults:5)
  A Killer Klown (Zot:5)
  2 curse toes (Zot:5)
  Saint Roka (D:14)
  2 caustic shrikes
  Nikola (Elf:1)
  12 golden dragons
  Margery (Vaults:4)
  2 bone dragons
  2 walking crystal tomes (Zot:3)
  A hellephant (Depths:1)
  Jorgrun (D:14)
  5 liches
  19 tentacled monstrosities
  An electric golem (Zot:3)
  11 Orb Guardians (Zot:5)
  A Hell Sentinel (Abyss:3)
  3 deep elf blademasters
  4 titans
  4 deep elf master archers (Elf:3)
  A walking earthen tome (Depths:3)
  3 quicksilver dragons
  A walking frostbound tome (Depths:4)
  7 death cobs
  Frances (Swamp:1)
  Gastronok (Lair:2)
  5 sphinxes
  4 thorn hunters
  3 tentacled starspawn (Abyss:3)
  Kirke (D:14)
  9 shadow dragons
  11 storm dragons
  8 tengu reavers
  Donald (Swamp:2)
  2 narguns (Zot:3)
  5 fenstrider witches (Swamp:4)
  6 draconian knights
  4 frost giants
  2 draconian monks (Zot:3)
  5 iron dragons
  5 nagarajas (Snake:4)
  7 fire giants
  6 deep elf sorcerers
  A ghost moth (Zot:4)
  Louise (Depths:2)
  3 draconian scorchers
  7 draconian shifters
  15 vault wardens
  Aizul (Snake:3)
  A curse skull (Depths:2)
  A deep elf elementalist (Elf:2)
  An orc warlord (Vaults:3)
  A reaper (Swamp:4)
  A draconian stormcaller (Zot:3)
  22 ironbound preservers
  A formless jellyfish (Vaults:4)
  2 war gargoyles
  7 draconian annihilators
  8 ironbound thunderhulks
  18 stone giants
  23 very ugly things
  2 vampire knights (Depths:4)
  8 deep elf demonologists
  5 eleionomae
  9 green draconians
  8 dire elephants
  6 purple draconians
  9 black draconians
  4 bunyips
  8 deep elf annihilators
  18 red draconians
  Azrael (D:14)
  11 yellow draconians
  A bunyip (shapeshifter) (Depths:3)
  4 spark wasps
  7 white draconians
  21 ettins
  2 crystal guardians
  9 fire dragons
  Josephine (Lair:3)
  5 entropy weavers
  7 deep elf death magi (Elf:3)
  2 jiangshi (Depths:2)
  5 shambling mangroves
  The ghost of AwFulAwFulPlayer the Brawler, a journeyman TrMo of Wu Jian (Orc:2)
  16 yaktaur captains
  A peacekeeper (Vaults:4)
  36 vault guards
  4 great orbs of eyes
  6 deep elf high priests
  13 hydras
  A hydra (shapeshifter) (Vaults:5)
  4 spriggan air magi
  2 catoblepae
  4 salamander tyrants
  10 ironbound frosthearts
  7 rakshasas
  3 merfolk aquamancers (Depths:2)
  10 ogre magi
  A death knight (Vaults:3)
  5 ghost crabs
  22 centaur warriors
  An ice dragon (Depths:1)
  6 anacondas
  35 dancing weapons
  14 naga warriors
  13 two-headed ogres
  10 death yaks
  7 boulder beetles
  6 alligators
  9 tengu warriors
  10 deep troll shamans
  8 hell hogs (Depths:1)
  5 thrashing horrors (Abyss:3)
  An orc high priest (Elf:2)
  6 spriggan berserkers
  16 naga sharpshooters
  6 shock serpents
  A shock serpent (shapeshifter) (Vaults:4)
  11 deep troll earth magi
  A demonic crawler (Abyss:3)
  7 soul eaters
  Nergalle (Lair:3)
  A vampire mage (Depths:2)
  3 wretched stars (Abyss:3)
  8 hell knights
  21 deep elf knights
  5 salamander mystics
  An iron troll (shapeshifter) (Vaults:4)
  A skyshark (Lair:5)
  A spatial maelstrom (Abyss:3)
  6 spriggan druids
  A sixfirhy (Abyss:3)
  9 goliath frogs
  5 large abominations
  4 swamp dragons
  4 naga ritualists
  5 glowing orange brains
  63 deep trolls
  17 iron trolls
  A sea snake (shapeshifter) (Vaults:5)
  23 ironbound convokers
  A flayed ghost (Vaults:4)
  An orange crystal statue (Depths:1)
  22 deep elf archers
  15 wizards
  A harpy (D:15)
  39 deep elf zephyrmancers
  13 lindwurms
  Pikel (D:7)
  6 phantasmal warriors
  7 necromancers
  32 ugly things
  A sphinx zombie (Vaults:4)
  10 mana vipers
  An oklob plant (Swamp:3)
  6 orc knights
  A mana viper (shapeshifter) (Elf:1)
  A worldbinder (Abyss:3)
  2 manticores
  43 deep elf pyromancers
  A shadow dragon skeleton (Vaults:1)
  5 will-o-the-wisps
  6 orc sorcerers
  9 cyclopes
  A moth of wrath (shapeshifter) (Vaults:4)
  17 moths of wrath
  23 salamanders
  13 naga magi
  Joseph (D:9)
  A molten gargoyle (Gauntlet)
  22 black mambas
  16 vault sentinels
  2 guardian serpents
  An apocalypse crab (Gauntlet)
  5 gargoyles
  22 cane toads
  An eye of devastation (Lair:4)
  26 yaktaurs
  An orange demon (Abyss:3)
  2 rime drakes
  2 unseen horrors (Depths:4)
  8 tengu conjurers
  2 freezing wraiths
  2 efreet
  7 komodo dragons
  2 ancient zymes (Abyss:3)
  A silent spectre (Depths:2)
  4 trolls
  3 hellwings (Swamp:4)
  2 wind drakes (shapeshifter)
  A bloated husk (Swamp:3)
  3 meliai (D:13)
  21 hornets
  A raiju (shapeshifter) (Elf:1)
  9 tyrant leeches
  32 blink frogs
  An ettin zombie (Vaults:4)
  Prince Ribbit (D:8)
  2 air elementals (Elf:2)
  11 raiju (Abyss:3)
  2 flying skulls
  A shadow (D:12)
  30 slime creatures
  2 vampires
  An ettin skeleton (Vaults:4)
  14 spriggans
  6 water elementals
  A jumping spider (shapeshifter) (Vaults:5)
  7 wyverns
  2 spriggans (shapeshifter)
  7 wraiths
  46 yaks
  A ynoxinul (Abyss:3)
  2 wyverns (shapeshifter)
  A yak (shapeshifter) (Elf:1)
  A human (shapeshifter) (Vaults:5)
  9 starcursed masses (Abyss:3)
  5 neqoxecs
  Grum (D:11)
  14 vampire mosquitoes
  6 basilisks
  5 fire elementals
  2 redbacks (Vaults:1)
  5 chaos spawn
  A spatial vortex (Elf:2)
  50 nagas
  Edmund (D:5)
  3 wargs
  An acid dragon (D:8)
  An ogre zombie (Vaults:1)
  12 swamp worms
  22 water moccasins
  5 hell hounds (D:14)
  2 floating eyes
  52 orc warriors
  3 black bears
  9 ogres
  7 boggarts
  16 centaurs
  7 wolves
  A lemure (D:6)
  12 small abominations
  Blork the orc (D:6)
  6 kobold brigands
  8 scorpions
  19 bullfrogs
  4 gnoll sergeants
  7 earth elementals
  22 wights
  8 killer bees
  An oklob sapling (Swamp:3)
  4 electric eels
  3 crimson imps (Abyss:3)
  A quasit (Abyss:3)
  3 hounds
  A jelly (D:7)
  17 orc priests
  A gnoll bouda (D:6)
  2 human zombies
  An iguana (D:4)
  2 sleepcaps
  19 orc wizards
  6 hell rats (Lair:2)
  16 gnolls
  11 adders
  6 white imps (Abyss:3)
  2 ufetubi
  5 worms
  106 orcs
  7 bats
  6 endoplasms
  A giant cockroach (D:3)
  7 goblins
  13 hobgoblins
  3 jackals (D:2)
  5 quokkas
  5 ball pythons
  4 frilled lizards
  38 kobolds
  5 rats
  A spectral weapon (Elf:3)
  A starspawn tentacle (Abyss:3)
2200 creatures vanquished.

Vanquished Creatures (collateral kills)
  Mennas (Vaults:4)
  A profane servitor (Abyss:3)
  A minotaur (Gauntlet)
  3 dire elephants
  A bunyip (Swamp:4)
  A hydra (Swamp:4)
  An alligator (Swamp:4)
  A death drake (Swamp:4)
  A spriggan druid (Swamp:4)
  A wizard (D:15)
  An orange demon (Swamp:4)
  2 hornets (Swamp:4)
  A tyrant leech (Swamp:4)
  2 spriggans (Swamp:4)
18 creatures vanquished.

Vanquished Creatures (others)
  A dread lich (Zot:5)
  A draconian monk (Zot:1)
  A fire giant (Depths:2)
  Nessos (Lair:3)
  A spark wasp (Depths:3)
  An ogre mage (Swamp:4)
  6 deep elf knights
  4 deep elf zephyrmancers
  3 wizards
  A bloated husk (Swamp:3)
  A wraith (D:12)
  A human (Depths:2)
  A kobold brigand (D:11)
  An orc wizard (Orc:2)
  24 foxfires
  6 starspawn tentacles (Abyss:3)
54 creatures vanquished.

Grand Total: 2272 creatures vanquished

Notes
Turn   | Place    | Note
-------+----------+-------------------------------------------
     0 | D:1      | juan097 the Minotaur Berserker began the quest for the Orb.
     0 | D:1      | Reached XP level 1. HP: 19/19 MP: 0/0
   122 | D:1      | Found a faded altar of an unknown god.
   143 | D:1      | Reached XP level 2. HP: 24/27 MP: 1/1
   613 | D:1      | Reached ** piety under Trog
   906 | D:2      | Reached XP level 3. HP: 26/33 MP: 2/2
   966 | D:2      | Reached skill level 5 in Maces & Flails
  1104 | D:2      | Reached skill level 1 in Stealth
  1104 | D:2      | Reached XP level 4. HP: 39/40 MP: 3/3
  1938 | D:3      | Reached XP level 5. HP: 45/46 MP: 4/4
  2189 | D:3      | Found Xestrabb's Distillery.
  2212 | D:3      | Found a hazy altar of Hepliaklqana.
  2370 | D:3      | Bought a potion of curing for 33 gold pieces
  2370 | D:3      | Bought a potion of heal wounds for 55 gold pieces
  2370 | D:3      | Bought a potion of lignification for 33 gold pieces
  2499 | D:3      | Reached *** piety under Trog
  2747 | D:4      | Reached XP level 6. HP: 52/52 MP: 5/5
  2909 | D:4      | Noticed an orc warrior
  2976 | D:4      | Killed an orc warrior
  2977 | D:4      | Reached skill level 1 in Throwing
  2985 | D:4      | Reached XP level 7. HP: 55/59 MP: 6/6
  3238 | D:4      | Identified the +0 short sword of Uhue {heavy, Str+4}
  3541 | D:5      | Entered Level 5 of the Dungeon
  3949 | D:5      | Noticed Edmund
  3961 | D:5      | Killed Edmund
  3962 | D:5      | Reached skill level 1 in Shields
  4167 | D:5      | Reached XP level 8. HP: 66/66 MP: 7/7
  4207 | D:5      | Reached **** piety under Trog
  4267 | D:5      | Reached skill level 5 in Fighting
  4914 | D:6      | Found Arphamn's Tremendous Tomes.
  5090 | D:6      | Noticed Blork the orc
  5265 | D:6      | Killed Blork the orc
  5321 | D:7      | Noticed Pikel
  5328 | D:6      | Reached XP level 9. HP: 72/75 MP: 8/8
  5361 | D:7      | Reached skill level 5 in Armour
  5413 | D:7      | Killed Pikel
  5414 | D:7      | Reached skill level 5 in Shields
  5540 | D:7      | Found a staircase to the Ecumenical Temple.
  5557 | D:7      | Reached ***** piety under Trog
  5675 | D:7      | Found a runed translucent gate.
  5675 | D:7      | Found a runed translucent gate.
  5675 | D:7      | Found a runed translucent gate.
  5686 | D:7      | Noticed Moral's ghost (novice HOFi)
  5686 | D:7      | Noticed runemasterragnar's ghost (novice OpFi)
  5686 | D:7      | Noticed Starbright's ghost (novice TrBe)
  5692 | D:7      | Found a runed translucent door.
  5710 | D:7      | Found a basalt altar of Yredelemnul.
  5721 | D:7      | Reached skill level 10 in Maces & Flails
  5738 | D:7      | Paralysed by a hornet for 3 turns
  5861 | D:7      | You fall into a shaft and drop 3 floors!
  5861 | D:10     | Entered Level 10 of the Dungeon
  5979 | D:10     | Found a flagged portal.
  5988 | Bailey   | Entered a bailey
  6131 | Bailey   | Noticed an orc knight
  6231 | Bailey   | Noticed an orc knight
  6242 | Bailey   | Reached XP level 10. HP: 88/88 MP: 9/9
  6313 | Bailey   | Killed an orc knight
  6332 | Bailey   | Identified the +0 helmet of Parlour Games {rF+ rC+ rN+
                  | Str+4}
  6468 | Bailey   | Killed an orc knight
  6899 | D:10     | Reached skill level 15 in Maces & Flails
  7058 | D:9      | Found a staircase to the Orcish Mines.
  7234 | D:9      | Reached XP level 11. HP: 95/95 MP: 10/10
  7246 | D:9      | Noticed Joseph
  7255 | D:9      | Killed Joseph
  7345 | D:9      | Found a burning altar of Makhleb.
  7349 | D:9      | Found a hide-covered altar of Uskayaw.
  7364 | D:9      | Reached skill level 5 in Dodging
  7556 | D:9      | Reached skill level 1 in Ranged Weapons
  7556 | D:9      | Reached skill level 5 in Throwing
  7899 | D:9      | Noticed a two-headed ogre
  8032 | D:8      | Noticed a two-headed ogre
  8045 | D:8      | Killed a two-headed ogre
  8068 | D:8      | Noticed a wizard
  8127 | D:9      | Killed a two-headed ogre
  8359 | D:8      | Noticed Prince Ribbit
  8369 | D:8      | Killed Prince Ribbit
  8369 | D:8      | Received a gift from Trog
  8521 | D:7      | Found a blossoming altar of Fedhas.
  8521 | D:7      | Found a sacrificial altar of Ru.
  8932 | D:8      | Killed a wizard
  9013 | D:8      | Identified the -1 pair of boots "Vuciduoh" {Rampage Int+7
                  | Slay+2 Stlth-}
  9053 | D:8      | Reached ****** piety under Trog
 10672 | Orc:1    | Entered Level 1 of the Orcish Mines
 10820 | Orc:1    | Noticed an orc knight
 10834 | Orc:1    | Killed an orc knight
 10838 | Orc:1    | Received a gift from Trog
 11234 | Orc:2    | Entered Level 2 of the Orcish Mines
 11254 | Orc:2    | Reached XP level 12. HP: 105/106 MP: 11/11
 11586 | Orc:2    | Paralysed by an orc sorcerer for 4 turns
 11670 | Orc:2    | Reached skill level 10 in Fighting
 11875 | Orc:2    | Found a runed translucent door.
 11910 | Orc:2    | Found a staircase to the Elven Halls.
 12263 | Orc:2    | Reached skill level 10 in Shields
 12355 | Orc:2    | Found Yplamm's Assorted Antiques.
 12355 | Orc:2    | Found Peodgh's Distillery.
 12357 | Orc:2    | Found Husag's Assorted Antiques.
 12359 | Orc:2    | Found Utraip's Weapon Emporium.
 12363 | Orc:2    | Bought a sedimented golden potion for 21 gold pieces
 12363 | Orc:2    | Bought 3 scrolls labelled QOHEQO OKEIPN for 72 gold pieces
 12363 | Orc:2    | Bought a copper wand for 96 gold pieces
 12366 | Orc:2    | Bought 2 sedimented golden potions for 55 gold pieces
 12366 | Orc:2    | Bought a scroll labelled AMOZXYRR EMME for 31 gold pieces
 12411 | Orc:2    | Noticed AwFulAwFulPlayer's ghost (journeyman TrMo)
 12457 | Orc:2    | Bought a glowing morningstar for 217 gold pieces
 12462 | Orc:2    | Bought a potion of attraction for 39 gold pieces
 12462 | Orc:2    | Bought a potion of enlightenment for 65 gold pieces
 12462 | Orc:2    | Bought a potion of resistance for 130 gold pieces
 12462 | Orc:2    | Bought a potion of ambrosia for 104 gold pieces
 12709 | D:3      | Bought a potion of cancellation for 88 gold pieces
 12709 | D:3      | Bought a potion of enlightenment for 55 gold pieces
 12922 | Orc:2    | Bought a scroll of identify for 48 gold pieces
 12922 | Orc:2    | Bought a wand of roots (4) for 230 gold pieces
 12925 | Orc:2    | Bought a potion of heal wounds for 65 gold pieces
 12925 | Orc:2    | Bought a potion of heal wounds for 65 gold pieces
 13008 | D:11     | Found a gate leading to a gauntlet.
 13017 | Gauntlet | Entered a Gauntlet
 13017 | Gauntlet | Found a transporter.
 13026 | Gauntlet | Found a transporter.
 13032 | Gauntlet | Noticed a catoblepas
 13041 | Gauntlet | Found a transporter.
 13045 | Gauntlet | Found a transporter.
 13055 | Gauntlet | Found a transporter.
 13075 | Gauntlet | Found a transporter.
 13075 | Gauntlet | Noticed a four-headed hydra
 13078 | Gauntlet | Found a transporter.
 13082 | Gauntlet | Found a transporter.
 13105 | Gauntlet | Found a transporter.
 13113 | Gauntlet | Found a transporter.
 13113 | Gauntlet | Found a transporter.
 13115 | Gauntlet | Found a runed translucent gate.
 13115 | Gauntlet | Found a runed translucent gate.
 13116 | Gauntlet | Found a runed translucent gate.
 13121 | Gauntlet | Found a transporter.
 13233 | Gauntlet | Killed a catoblepas
 13234 | Gauntlet | Reached skill level 5 in Ranged Weapons
 13392 | Gauntlet | Identified the ring "Ytriciza" {rPois Int+4 Dex+4}
 13414 | Gauntlet | Identified the ring of Jehock {Fly Int+5 Dex-2 SInv}
 13512 | Gauntlet | Identified the ring "Ziatiz" {Fire rPois}
 13512 | Gauntlet | Noticed a minotaur
 13516 | Gauntlet | Killed a minotaur
 13629 | Gauntlet | Got the Tractate on the Alluring Welkin
 13664 | D:11     | Noticed Grum
 13669 | D:11     | Received a gift from Trog
 13673 | D:11     | Killed Grum
 13855 | D:11     | Found a staircase to the Lair.
 14690 | Lair:1   | Entered Level 1 of the Lair of Beasts
 15114 | Lair:1   | Noticed a seven-headed hydra
 15124 | Lair:1   | Killed a seven-headed hydra
 15125 | Lair:1   | Reached XP level 13. HP: 115/115 MP: 12/12
 15750 | Lair:2   | Found a staircase to the Snake Pit.
 15905 | Lair:2   | Reached skill level 10 in Armour
 15999 | Lair:2   | Received a gift from Trog
 16039 | Lair:2   | Noticed Gastronok
 16049 | Lair:2   | Killed Gastronok
 16096 | Lair:2   | Identified a scroll of acquirement
 16136 | Lair:2   | Acquired the ring "Orhel" {rElec rN++ Int+3 Slay+4 Stlth+}
 16537 | Lair:3   | Found a staircase to the Swamp.
 16601 | Lair:3   | Noticed Nergalle
 16613 | Lair:3   | Killed Nergalle
 16624 | Lair:3   | Noticed Nessos
 16633 | Lair:3   | Reached skill level 1 in Evocations
 16638 | Lair:3   | Killed Nessos
 17150 | Lair:4   | Noticed Josephine
 17157 | Lair:3   | Killed Josephine
 17328 | Lair:4   | Reached XP level 14. HP: 127/127 MP: 13/13
 17532 | Lair:4   | Reached XP level 15. HP: 134/134 MP: 14/14
 17630 | Lair:4   | Paralysed by a floating eye for 3 turns
 17636 | Lair:4   | Found a staircase to the Slime Pits.
 17864 | Lair:4   | Identified the +11 broad axe of Trog's Wrath {heavy, Str+3}
                  | (Trog gifted it to you on level 4 of the Lair of Beasts)
 17864 | Lair:4   | Received a gift from Trog
 18172 | Lair:5   | Entered Level 5 of the Lair of Beasts
 19626 | D:12     | Found a sacrificial altar of Ru.
 19626 | D:12     | Found a white marble altar of Elyvilon.
 19629 | D:12     | Found a radiant altar of Vehumet.
 19629 | D:12     | Found a sacrificial altar of Ru.
 20022 | D:12     | Identified the +6 dagger of Arbitration {elec, Contam
                  | Int+3}
 20032 | D:12     | Received a gift from Trog
 20046 | D:12     | Reached skill level 5 in Evocations
 20049 | D:12     | Reached skill level 10 in Throwing
 20444 | D:12     | Identified the +0 robe of Virecwij {Harm Rampage rN+ Int-4}
 22001 | D:14     | Noticed Jorgrun
 22062 | D:14     | Noticed Azrael
 22083 | D:14     | Killed Azrael
 22338 | D:14     | Found a runed translucent door.
 22338 | D:14     | Found a runed translucent door.
 22342 | D:14     | Noticed Kirke
 22354 | D:14     | Killed Kirke
 22355 | D:14     | Reached skill level 10 in Dodging
 22355 | D:14     | Reached XP level 16. HP: 146/146 MP: 15/15
 22460 | D:14     | Found a runed translucent door.
 22796 | D:14     | Found a gate to the Vaults.
 23181 | D:14     | Killed Jorgrun
 23181 | D:14     | Received a gift from Trog
 23240 | D:15     | Entered Level 15 of the Dungeon
 23728 | D:15     | Found a staircase to the Depths.
 24573 | D:15     | Reached skill level 15 in Fighting
 24573 | D:15     | Reached skill level 15 in Armour
 24930 | D:15     | Reached skill level 15 in Shields
 25221 | D:15     | Noticed a shadow dragon
 25241 | D:15     | Killed a shadow dragon
 25467 | Swamp:1  | Entered Level 1 of the Swamp
 25570 | Swamp:1  | Received a gift from Trog
 26052 | Swamp:1  | Noticed Frances
 26066 | Swamp:1  | Killed Frances
 26689 | Swamp:2  | Reached XP level 17. HP: 155/156 MP: 16/16
 27285 | Swamp:2  | Noticed Donald
 27300 | Swamp:2  | Killed Donald
 27980 | Swamp:3  | Identified the +1 robe of Nagem {rCorr Archmagi}
 29110 | Swamp:4  | Entered Level 4 of the Swamp
 29147 | Swamp:4  | Reached skill level 10 in Evocations
 29451 | Swamp:4  | Noticed a tentacled monstrosity
 29465 | Swamp:4  | Killed a tentacled monstrosity
 29559 | Swamp:4  | Received a gift from Trog
 30423 | Swamp:4  | Noticed a tentacled monstrosity
 30429 | Swamp:4  | Killed a tentacled monstrosity
 30656 | Swamp:4  | Gained mutation: You are clumsy. (Dex -2) [a neqoxec]
 30663 | Swamp:4  | Paralysed by a fenstrider witch for 4 turns
 30940 | Swamp:4  | Reached XP level 18. HP: 147/168 MP: 17/17
 31001 | Swamp:4  | Got a decaying rune of Zot
 31049 | Swamp:4  | Paralysed by a fenstrider witch for 2 turns
 31424 | Snake:1  | Entered Level 1 of the Snake Pit
 31669 | Snake:1  | Found a sacrificial altar of Ru.
 31771 | Snake:1  | Found Pum Omao's Antique Weapon Emporium.
 31779 | Snake:1  | Found Asonkekh's Book Shoppe.
 31779 | Snake:1  | Found Teufymu's Book Emporium.
 31785 | Snake:1  | Found Hecsonez's Armour Shoppe.
 31805 | Snake:1  | Bought a runed morningstar for 224 gold pieces
 32259 | Snake:2  | Received a gift from Trog
 32391 | Snake:2  | Found the +3 Elemental Staff {rElec rF+ rC+ AC+3}
 32429 | Snake:2  | Found Wufot's Magic Scroll Boutique.
 32437 | Snake:2  | Bought a scroll of blinking for 120 gold pieces
 32437 | Snake:2  | Bought a scroll of revelation for 120 gold pieces
 32437 | Snake:2  | Bought a scroll of enchant armour for 120 gold pieces
 33849 | Snake:3  | Received a gift from Trog
 34793 | Snake:3  | Noticed Aizul
 34805 | Snake:3  | Killed Aizul
 35259 | Snake:4  | Entered Level 4 of the Snake Pit
 36341 | Snake:4  | Received a gift from Trog
 36875 | Snake:4  | Reached XP level 19. HP: 123/184 MP: 18/18
 37434 | Snake:4  | Got a serpentine rune of Zot
 38076 | Vaults:1 | Entered Level 1 of the Vaults
 38082 | Vaults:1 | Noticed Saint Roka
 38105 | D:14     | Killed Saint Roka
 39580 | Vaults:1 | Reached skill level 15 in Throwing
 39829 | Vaults:1 | Received a gift from Trog
 41290 | Abyss:2  | Cast into level 2 of the Abyss (a wizard)
 41585 | Vaults:2 | Escaped the Abyss
 41650 | Vaults:2 | Received a gift from Trog
 42076 | Vaults:2 | Reached XP level 20. HP: 194/198 MP: 19/19
 43009 | Vaults:3 | Noticed Sojobo
 43019 | Vaults:2 | Killed Sojobo
 43228 | Vaults:3 | Found a staircase to the Crypt.
 43878 | Vaults:3 | Received a gift from Trog
 44725 | Vaults:3 | Found Nedyph's Antique Armour Boutique.
 44732 | Vaults:3 | Bought a pair of glowing gloves for 195 gold pieces
 45286 | Vaults:4 | Received a gift from Trog
 45474 | Vaults:4 | Noticed Mennas
 45699 | Vaults:4 | Reached XP level 21. HP: 190/207 MP: 20/20
 45843 | Vaults:4 | Identified the +6 battleaxe "Demonslayer" {pain, rPois rC-
                  | Will++}
 46033 | Vaults:4 | Found Qihungum's Assorted Antiques.
 46073 | Vaults:4 | Bought a brass ring for 225 gold pieces
 46337 | Vaults:4 | Killed Mennas
 46380 | Vaults:4 | Noticed Margery
 46392 | Vaults:4 | Killed Margery
 46768 | Elf:1    | Entered Level 1 of the Elven Halls
 46779 | Elf:1    | Received a gift from Trog
 47072 | Elf:1    | Noticed Nikola
 47092 | Elf:1    | Killed Nikola
 47373 | Elf:1    | Received a gift from Trog
 47891 | Elf:2    | Paralysed by an orc sorcerer for 4 turns
 47948 | Elf:2    | Identified the +6 scale mail "Ifeopref" {Contam Harm rN+
                  | Regen+}
 48026 | Abyss:3  | Cast into level 3 of the Abyss (a deep elf demonologist)
 48138 | Abyss:3  | Noticed a dread lich
 48156 | Abyss:3  | Killed a dread lich
 48232 | Abyss:3  | Received a gift from Trog
 48266 | Abyss:3  | Found a corrupted altar of Lugonu.
 48271 | Abyss:3  | Gained mutation: You are occasionally teleported next to
                  | monsters. [a neqoxec]
 48297 | Abyss:3  | Noticed a profane servitor
 48315 | Abyss:3  | Paralysed by accursed screaming for 1 turns
 48333 | Abyss:3  | Killed a profane servitor
 48340 | Elf:2    | Escaped the Abyss
 49012 | Orc:2    | Killed AwFulAwFulPlayer's ghost
 49016 | Orc:2    | Identified the +4 ring mail of Coenwuaf {Regen+}
 49117 | Elf:2    | Found Nitrurow's Weapon Shoppe.
 49230 | Elf:2    | Found a runed translucent gate.
 49230 | Elf:2    | Found a runed translucent gate.
 49233 | Elf:2    | Reached XP level 22. HP: 220/220 MP: 21/21
 49233 | Elf:2    | Found a runed translucent gate.
 49849 | Elf:3    | Entered Level 3 of the Elven Halls
 49895 | Elf:3    | Received a gift from Trog
 50047 | Abyss:3  | Cast into level 3 of the Abyss (a deep elf sorcerer)
 50063 | Elf:3    | Escaped the Abyss
 50122 | Elf:3    | Found the sphere of Battle
 50128 | Abyss:3  | Cast into level 3 of the Abyss (a deep elf demonologist)
 50136 | Abyss:3  | Found a corrupted altar of Lugonu.
 50145 | Elf:3    | Escaped the Abyss
 50167 | Elf:3    | Identified the ring "Cunez" {rC+ MP+9 Int+3}
 50174 | Elf:3    | Identified the amulet "Tiackios" {Acrobat rN+}
 50264 | Elf:3    | Identified the +3 scale mail of Light {Will+}
 50266 | Elf:3    | Identified the ring of Ucetic {+Blink AC+4 Int+2}
 50298 | Elf:3    | Identified the amulet of Boade {Spirit rElec Will+ Str-3
                  | SInv}
 51200 | D:15     | Lost mutation: You are occasionally teleported next to
                  | monsters. [potion of mutation]
 51200 | D:15     | Lost mutation: You are clumsy. (Dex -2) [potion of
                  | mutation]
 51200 | D:15     | Gained mutation: Your magical capacity is low. (-10% MP)
                  | [potion of mutation]
 51200 | D:15     | Gained mutation: You have sharp fingernails. [potion of
                  | mutation]
 51200 | D:15     | Gained mutation: You are partially covered in iridescent
                  | scales. (AC +2) [potion of mutation]
 51442 | Elf:3    | Identified the +1 short sword "Damp Spider's Death" {heavy,
                  | SInv} (Trog gifted it to you on level 3 of the Elven Halls)
 51442 | Elf:3    | Received a gift from Trog
 52274 | Depths:1 | Entered Level 1 of the Depths
 52512 | Depths:1 | Found a one-way gate to the infinite horrors of the Abyss.
 52538 | Depths:1 | Found a basalt altar of Yredelemnul.
 52663 | Depths:1 | Received a gift from Trog
 52893 | Depths:1 | Noticed Mara
 52899 | Depths:1 | Noticed juan097's illusion
 53301 | Depths:1 | Found Zitosi's Neck Hole.
 53466 | Depths:1 | Found a gateway to Hell.
 53506 | Depths:1 | Reached XP level 23. HP: 99/229 MP: 7/19
 53985 | Depths:1 | Killed Mara
 54182 | Depths:2 | Noticed Louise
 54217 | Depths:2 | Killed Louise
 54478 | Depths:2 | Found a stormy altar of Qazlal.
 54667 | Depths:2 | Identified the +7 spear "Minotaur's Curse" {chaos, rCorr
                  | Dex+3}
 54700 | Depths:2 | You fall into a shaft and drop 2 floors!
 54700 | Depths:4 | Entered Level 4 of the Depths
 54851 | Depths:4 | Noticed a dread lich
 54866 | Depths:4 | Killed a dread lich
 54873 | Depths:4 | Noticed a caustic shrike
 54888 | Depths:4 | Killed a caustic shrike
 55051 | Depths:4 | Received a gift from Trog
 55326 | Depths:4 | Found the +8 Wrath of Trog {antimagic, *Rage Rampage}
 55609 | Depths:4 | Found a gate to the Realm of Zot.
 55691 | Depths:4 | Received a gift from Trog
 56926 | Depths:3 | Reached XP level 24. HP: 234/238 MP: 19/19
 56953 | Depths:3 | Received a gift from Trog
 57670 | Depths:3 | Found a one-way gateway to a ziggurat.
 58642 | Depths:2 | Found a runed door.
 58663 | Depths:2 | Noticed an ancient lich
 58664 | Depths:2 | Noticed an ancient lich
 58871 | Depths:2 | Found a one-way gate leading to the halls of Pandemonium.
 58954 | Depths:2 | Killed an ancient lich
 59031 | Depths:2 | Killed an ancient lich
 59243 | Depths:2 | Received a gift from Trog
 59270 | Depths:2 | Identified the +1 chain mail of Wariness {rN+ Str+2 Stlth-}
 59271 | Depths:2 | Identified the ring of Freedom {Fly rC+ Str+2}
 59303 | Depths:2 | Identified the +1 pair of boots of the Battered Souls
                  | {rElec rF- rCorr MP-9}
 59644 | Vaults:5 | Entered Level 5 of the Vaults
 59810 | Vaults:5 | Noticed a dread lich
 59918 | Vaults:4 | Killed a dread lich
 60024 | Vaults:5 | Gained mutation: You are dopey. (Int -2) [a neqoxec]
 60332 | Vaults:4 | Reached skill level 15 in Evocations
 60681 | Vaults:5 | Noticed an ancient lich
 60682 | Vaults:5 | Received a gift from Trog
 60700 | Vaults:4 | Killed an ancient lich
 60924 | Vaults:5 | Noticed Boris
 60960 | Vaults:5 | Killed Boris
 61112 | Vaults:5 | Reached XP level 25. HP: 250/250 MP: 4/19
 61447 | Vaults:5 | Identified the staff "Iskigint" {rF+ Int+3 Fire}
 61461 | Vaults:5 | Identified the +3 rapier "Gud Xya" {flame, Fly rElec rC+
                  | Str-2}
 61684 | Vaults:5 | Received a gift from Trog
 61701 | Vaults:5 | Identified the +0 pair of boots of Fedhas's Favour {rC+
                  | rN+}
 61705 | Vaults:5 | Identified the +0 pair of gloves "Yxze" {rElec rPois rC-
                  | Int-5}
 61738 | Vaults:5 | Identified the +3 short sword "Jinymegia" {flame, Int+6}
 61928 | Vaults:5 | Got a silver rune of Zot
 62546 | Zot:1    | Entered Level 1 of the Realm of Zot
 62614 | Zot:1    | Noticed an orb of fire
 62621 | Zot:1    | Gained mutation: You occasionally lose the ability to drink
                  | potions when taking damage. [an orb of fire]
 62623 | Zot:1    | Gained mutation: You occasionally shout uncontrollably at
                  | your foes. [an orb of fire]
 62625 | Zot:1    | Gained mutation: Your body sometimes deteriorates upon
                  | taking damage. [an orb of fire]
 62632 | Zot:1    | Gained mutation: You sometimes lose the ability to drink
                  | potions when taking damage. [an orb of fire]
 62635 | Zot:1    | Killed an orb of fire
 62671 | Zot:1    | Reached skill level 5 in Stealth
 62790 | Zot:1    | Lost mutation: You occasionally shout uncontrollably at
                  | your foes. [potion of mutation]
 62790 | Zot:1    | Lost mutation: Your magical capacity is low. (-10% MP)
                  | [potion of mutation]
 62790 | Zot:1    | Gained mutation: You have sharp toenails. [potion of
                  | mutation]
 62790 | Zot:1    | Gained mutation: You are frail. (-10% HP) [potion of
                  | mutation]
 62790 | Zot:1    | Gained mutation: You expend magic power (3 MP) to
                  | strengthen your wands. [potion of mutation]
 62791 | Zot:1    | Lost mutation: You have sharp fingernails. [potion of
                  | mutation]
 62791 | Zot:1    | Lost mutation: You are frail. (-10% HP) [potion of
                  | mutation]
 62791 | Zot:1    | Gained mutation: You are agile. (Dex +4, Str/Int -1)
                  | [potion of mutation]
 62791 | Zot:1    | Gained mutation: Armour fits poorly on your strangely
                  | shaped body. [potion of mutation]
 62791 | Zot:1    | Gained mutation: You are mostly covered in iridescent
                  | scales. (AC +4) [potion of mutation]
 62792 | Zot:1    | Lost mutation: You are agile. (Dex +4, Str/Int -1) [potion
                  | of mutation]
 62792 | Zot:1    | Lost mutation: You have sharp toenails. [potion of
                  | mutation]
 62792 | Zot:1    | Lost mutation: You expend magic power (3 MP) to strengthen
                  | your wands. [potion of mutation]
 62792 | Zot:1    | Gained mutation: Your flesh is heat resistant. (rF+)
                  | [potion of mutation]
 62792 | Zot:1    | Gained mutation: You are frail. (-10% HP) [potion of
                  | mutation]
 62792 | Zot:1    | Gained mutation: You have an increased reservoir of magic.
                  | (+10% MP) [potion of mutation]
 62793 | Zot:1    | Lost mutation: Your body sometimes deteriorates upon taking
                  | damage. [potion of mutation]
 62793 | Zot:1    | Lost mutation: Armour fits poorly on your strangely shaped
                  | body. [potion of mutation]
 62793 | Zot:1    | Gained mutation: Armour fits poorly on your strangely
                  | shaped body. [potion of mutation]
 62793 | Zot:1    | Gained mutation: You are partially covered in large bone
                  | plates. (SH +4) [potion of mutation]
 63072 | Zot:1    | Noticed an orb of fire
 63085 | Zot:1    | Killed an orb of fire
 63379 | Zot:1    | Found the +4 dragonskin cloak
 63379 | Zot:1    | Noticed Tiamat
 63443 | Zot:1    | Received a gift from Trog
 63786 | Zot:1    | Killed Tiamat
 64798 | Zot:3    | Noticed Vv
 64832 | Zot:3    | Killed Vv
 64889 | Zot:3    | Received a gift from Trog
 65049 | Zot:3    | Identified the +11 double sword of the Feather {spect,
                  | rPois Will+ Dex+6}
 65049 | Zot:3    | Identified the +4 double sword "Jilagyax" {pain, rF+ rCorr}
 65049 | Zot:3    | Identified the +5 double sword "Ymeiquyp" {flame, rElec
                  | rPois rCorr Str-3}
 65080 | Zot:3    | Identified the +4 double sword "Judeicy" {heavy, rF- rN+
                  | Dex+3}
 65719 | Zot:3    | Noticed an orb of fire
 65739 | Zot:3    | Killed an orb of fire
 65857 | Zot:4    | Reached XP level 26. HP: 231/234 MP: 22/24
 66252 | Zot:4    | Received a gift from Trog
 66481 | Zot:5    | Entered Level 5 of the Realm of Zot
 66698 | Zot:5    | Identified the +2 robe "Uzuhah" {SInv}
 66926 | Zot:5    | Identified the +1 leather armour of Luuvyujo {Str+2 Dex+2}
 67221 | Zot:5    | Noticed a dread lich
 67248 | Zot:5    | Paralysed by a dread lich for 2 turns
 67256 | Zot:5    | Killed a dread lich
 67792 | Zot:5    | Noticed an orb of fire
 67810 | Zot:5    | Gained mutation: You occasionally shout uncontrollably at
                  | your foes. [an orb of fire]
 67812 | Zot:5    | Killed an orb of fire
 67874 | Zot:5    | Killed from afar by a Killer Klown

Illustrated notes

Levels and vault maps discovered:
D:1:      kilobyte_arrival_exit_the_forest, layout_basic, serial_curves,
          eino_curves_02, eino_curves_01, hellmonk_ecumenical_altar_blasted,
          minivault_11
D:2:      layout_loops_cross, minmay_misc_feat_encased, st_stairs_4,
          grunt_decor_mini_mirrors
D:3:      layout_loops_ring, nicolae_hepliaklqana_hazy_memory, serial_shops,
          nicolae_shop_waterfront
D:4:      layout_basic, nicolae_nh_ransacked_shop
D:5:      old_forge, layout_loops_ring, uniq_edmund
D:6:      layout_gridville, nicolae_shop_i_like_big_books, uniq_blork_the_orc
D:7:      layout_cave_pools, gammafunk_temple_overflow_wave,
          dk_yredelemnul_ordeal, minmay_temple_entry_mist,
          gammafunk_ghost_cemetery, hangedman_decor_push, uniq_pikel
D:8:      cheibrodos_wizards_tower, layout_basic, special_room
          [special_room_orc], uniq_prince_ribbit1
D:9:      layout_irregular_city, grunt_temple_overflow_open,
          kennysheep_orc_monster_closet_entryway, serial_rivers,
          chequers_serial_rivers_small_3, chequers_serial_rivers_micro_c,
          chequers_serial_rivers_micro_d, chequers_serial_rivers_large_b,
          chequers_serial_rivers_marsh, chequers_serial_rivers_small_3,
          uniq_joseph
D:10:     layout_basic, enter_bailey_6
D:11:     layout_layer_cave, david_lair_shrubbed, gauntlet_entry_generic,
          uniq_grum
D:12:     minmay_the_grid_octo_tiled_squarecenter_mashed
          [minmay_the_grid_octo_concentric, minmay_the_grid_octo_clover,
          minmay_the_grid_octo_shrine, minmay_the_grid_octo_odd_swirl,
          minmay_the_grid_square_5x5_megaprize_diamond,
          minmay_the_grid_square_5x5_n,
          minmay_the_grid_square_5x5_sharp_hourglass,
          minmay_the_grid_square_5x5_shrine1,
          minmay_the_grid_square_5x5_shrine2], layout_stronghold,
          nzn_sisyphean_effort
D:13:     layout_stronghold
D:14:     layout_basic, david_vaults_1, hellmonk_bongcloud_opening,
          mikee_hates_you, uniq_azrael, uniq_jorgrun, uniq_kirke
D:15:     hangedman_depths_entry_civil_slaughter, layout_irregular_city,
          nicolae_rejected_hall
Lair:1:   layout_regular_city
Lair:2:   layout_hall_layers, minmay_snake_entry_guardpost_medium,
          uniq_gastronok
Lair:3:   layout_misc_corridors, swamp_mist, uniq_nergalle, uniq_nessos
Lair:4:   layout_gridlike, minmay_slime_entry_eyes, serial_bayou_shore_a,
          infiniplex_staircase_pool, uniq_josephine
Lair:5:   minmay_lair_end_frog_pond, layout_regular_city, serial_bayou_shore_b
Swamp:1:  layout_falls_marsh, swamp_pool1, infiniplex_staircase_pool_2,
          uniq_frances
Swamp:2:  cheibrodos_swamp_heart_of_darkness, layout_falls_marsh,
          nicolae_swamp_treefoil, uniq_donald
Swamp:3:  nicolae_swamp_phyte_club, layout_basic_swamp, nicolae_swamp_oxbows
Swamp:4:  nzn_swamp_witches_coven, layout_basic_swamp, swamp_pool3
Snake:1:  layout_basic, basic_altar, nicolae_triple_integral, minmay_shoptagon
Snake:2:  cheibrodos_snake_lava_hold, layout_basic, serial_shops, shop,
          serial_bayou_shore_b
Snake:3:  layout_cave_town, grunt_megastairs_3, uniq_aizul
Snake:4:  minmay_snake_end_coiled, layout_chambers, grunt_ministairs_5,
          serial_bayou_shore_b
Orc:1:    layout_caves, serial_shops
Orc:2:    st_orc_rangers, layout_diamond_mine, ebering_ghost_reflecting_pool,
          basic_altar
Elf:1:    minmay_elf_arrival_plus, layout_loops_corners,
          minmay_elf_annihilation, uniq_nikola
Elf:2:    nicolae_elf_blades_splatter_lattice
          [nicolae_blade_entry_crossed_weapons], layout_geoelf_grid,
          serial_sigils, serial_sigils_hangedman_writhe,
          serial_sigils_hangedman_shear, serial_sigils_hangedman_etch,
          serial_shops, shop
Elf:3:    minmay_elf_hall_circle, layout_geoelf_diagonals, minmay_elf_sorcery
Vaults:1: ontoclasm_vaults_shout, hangedman_vaults_stitches, serial_ice_b,
          ontoclasm_vaults_spin, v_misc_27, ontoclasm_vaults_ring_square,
          v_misc_13, v_misc_24, layout_vaults_maze, uniq_saint_roka
Vaults:2: nicolae_vaults_steering_wheel, vaults_mumra_minichess,
          nicolae_vaults_offset_grid_hallway_3,
          nicolae_vaults_closet_pinwheel_2, v_rooms_2,
          nicolae_vaults_hallways_thing, nicolae_vaults_an_arrangement,
          v_rooms_4, nicolae_vaults_double_plus_1, nicolae_vaults_weapon_check,
          layout_vaults_quadrants
Vaults:3: st_diamondy, ontoclasm_vaults_misaligned, hangedman_vaults_variations,
          v_misc_31, minmay_crypt_entry_simple_sparse, v_pattern_4,
          hangedman_vaults_stagger, nicolae_vaults_heart-shaped_vault,
          ontoclasm_vaults_fault, vaults_room_corners,
          layout_vaults_chaotic_city, serial_shops, shop, uniq_sojobo
Vaults:4: hangedman_vaults_pinch, hangedman_vaults_hard_town_square,
          ontoclasm_vaults_decontamination, hangedman_vaults_maws,
          grunt_vaults_focal, v_misc_30, grunt_vaults_funnel,
          ontoclasm_vaults_twist, v_misc_29, nicolae_vaults_tangram_2,
          nicolae_vaults_more_shelving_1, nicolae_vaults_tangram_1,
          vaults_dpeg_hooks, layout_vaults_omnicross, serial_shops,
          nicolae_square_shop, uniq_margery, uniq_mennas
Vaults:5: uniq_boris
Depths:1: layout_gridlike, hangedman_abyss_entry_splay,
          yredelemnul_altar_generic, grunt_hell_horde, minivault_16,
          nicolae_shop_sticking_my_neck_out, uniq_mara
Depths:2: evilmike_wizard_prison, layout_cave_shapes,
          nicolae_abyss_entry_one_way_or_another,
          nicolae_qazlal_general_emergency, hangedman_tar_grid_catacomb,
          rand_demon_pan_entry_9
Depths:3: kennysheep_green_arena, layout_basic, enter_ziggurat_c, abyss_entry,
          pf_vacation_house_of_asmodeus, minmay_staircase_windowed_small,
          serial_bayou_shore_b
Depths:4: grunt_zot_entry_alcove, layout_gridlike, serial_sigils_hangedman_gut,
          minmay_room_of_horrors, hell_entry, minmay_swirly_circle
Zot:1:    layout_gridlike, grunt_megastairs_5, uniq_tiamat
Zot:2:    layout_twisted_circle, ebering_ghost_reflecting_pool
Zot:3:    layout_concentric_octagons, nicolae_rock_paper_scissors,
          lemuel_elevator, grunt_megastairs_4, uniq_vv
Zot:4:    layout_concentric_octagons
Zot:5:    layout_gridlike

Skill      XL: |  1  2  3  4  5  6  7  8  9 10 11 12 13 14 15 16 17 18 19 20 21 22 23 24 25 26 |
---------------+-------------------------------------------------------------------------------+-----
Maces & Flails | 4 5 6 7 8 9 11 16 18 19 | 19.6
Fighting       | 4 5 8 9 10 12 14 15 16 19 21 22 23 24 25 26 | 26.0
Stealth        | 1 2 3 4 8 |  8.0
Throwing       | 1 4 6 7 8 10 12 13 14 16 18 19 20 | 20.9
Shields        | 1 4 6 8 11 12 14 15 16 17 20 22 23 24 | 24.0
Armour         | 4 6 8 9 12 14 15 16 18 19 20 21 22 23 24 25 26 | 26.0
Dodging        | 4 6 7 8 10 12 13 14 | 14.0
Ranged Weapons | 3 6 |  6.0
Evocations     | 2 3 5 7 10 12 13 14 15 16 | 16.0

Action                     |  1- 3 |  4- 6 |  7- 9 | 10-12 | 13-15 | 16-18 | 19-21 | 22-24 | 25-27 || total
---------------------------+-------+-------+-------+-------+-------+-------+-------+-------+-------++-------
  Melee: Mace              |    70 |   113 |       |       |       |       |       |       |       ||   183
         Headbutt          |     6 |    20 |    32 |    88 |    97 |   223 |   534 |   733 |   442 ||  2175
         Flail             |       |       |   205 |   328 |       |       |       |       |       ||   533
         Morningstar       |       |       |       |   206 |   531 |   940 |   211 |   147 |   125 ||  2160
         Eveningstar       |       |       |       |       |       |       |  1430 |  1906 |  1004 ||  4340
   Fire: Sling             |       |       |       |   142 |   137 |   276 |    18 |       |       ||   573
  Throw: Dart              |       |     8 |    39 |       |     2 |       |     4 |     3 |       ||    56
         Boomerang         |       |       |    15 |    77 |     6 |   122 |    77 |    27 |    13 ||   337
         Javelin           |       |       |       |       |       |     6 |    10 |     8 |    17 ||    41
         Throwing net      |       |       |       |       |       |       |       |     1 |       ||     1
 Invoke: Trog's Hand       |     1 |       |     1 |     3 |     3 |    11 |     8 |       |     2 ||    29
         Berserk           |       |     1 |     4 |     3 |       |     5 |     2 |       |       ||    15
         Brothers in Arms  |       |       |       |     2 |       |     3 |     5 |       |       ||    10
  Evoke: Wand              |       |       |       |       |       |     4 |     4 |     1 |     5 ||    14
         Phial of floods   |       |       |       |       |       |     1 |     2 |       |       ||     3
    Use: Scroll            |       |       |       |    13 |     9 |     9 |    20 |    12 |     7 ||    70
         Potion            |       |       |       |     1 |     4 |     9 |     8 |    10 |     6 ||    38
   Stab: Sleeping          |       |       |     5 |     4 |     7 |     8 |    16 |    13 |       ||    53
         Distracted        |       |       |     1 |     1 |       |     5 |     6 |     3 |       ||    16
         Petrified         |       |       |       |       |       |     4 |       |       |       ||     4
         Held in net/web   |       |       |       |       |       |       |       |     2 |       ||     2
 Armour: Animal skin       |     5 |       |       |       |       |       |       |       |       ||     5
         Ring mail         |    12 |    31 |    38 |       |       |       |       |       |       ||    81
         Shadow dragon sca |       |       |       |   168 |   166 |   500 |   627 |   313 |       ||  1774
         Gold dragon scale |       |       |       |       |       |       |       |   434 |   424 ||   858
  Dodge: Dodged            |    39 |    41 |   176 |   202 |   265 |   397 |   623 |   806 |   298 ||  2847
  Block: Other             |       |     5 |     3 |       |       |       |       |       |       ||     8
         Buckler           |       |       |   110 |    52 |       |       |       |       |       ||   162
         Reflection        |       |       |     2 |    60 |    23 |   103 |   143 |    37 |       ||   368
         Kite shield       |       |       |       |   438 |   568 |   982 |   986 |       |       ||  2974
         Tower shield      |       |       |       |       |       |       |   524 |  2014 |  1106 ||  3644

Table legend: (Time is in decaauts)
 A = Elapsed time spent in this place.
 B = Non-inter-level travel time spent in this place.
 C = Inter-level travel time spent in this place.
 D = Time resting spent in this place.
 E = Time spent auto-exploring this place.
 F = Levels seen in this place.
 G = Mean time per level.
                   A        B        C        D        E       F      G
               +--------+--------+--------+--------+--------+-----+--------+
         Total |  67642 |  61860 |   5782 |     65 |  46665 |  54 | 1252.6 |
       Dungeon |  19382 |  17015 |   2367 |      0 |  13661 |  15 | 1292.1 |
          Lair |   5280 |   4707 |    573 |      0 |   3526 |   5 | 1056.0 |
         Swamp |   6242 |   6037 |    205 |      0 |   4845 |   4 | 1560.5 |
     Snake Pit |   6521 |   6143 |    378 |      4 |   4890 |   4 | 1630.2 |
  Orcish Mines |   2268 |   1845 |    423 |      0 |   1292 |   2 | 1134.0 |
   Elven Halls |   4408 |   3978 |    430 |      0 |   2736 |   3 | 1469.3 |
        Vaults |   9755 |   8748 |   1007 |     58 |   6321 |   5 | 1951.0 |
        Depths |   7178 |   6905 |    273 |      0 |   5255 |   4 | 1794.5 |
           Zot |   4800 |   4678 |    122 |      2 |   3232 |   5 |  960.0 |
         Abyss |    598 |    598 |      0 |      0 |    121 |   5 |  119.6 |
        Bailey |    588 |    588 |      0 |      0 |    315 |   1 |  588.0 |
      Gauntlet |    616 |    616 |      0 |      0 |    468 |   1 |  616.0 |
               +--------+--------+--------+--------+--------+-----+--------+

Top non-repeatable levels by time:
Vaults:4: 2536 daAuts
    D:14: 2279 daAuts
 Snake:4: 2246 daAuts
    D:15: 2216 daAuts
 Swamp:3: 2196 daAuts
Vaults:2: 2070 daAuts
Depths:2: 1956 daAuts
Vaults:1: 1939 daAuts
Depths:1: 1909 daAuts
Depths:4: 1874 daAuts
 Swamp:4: 1863 daAuts
 Snake:2: 1792 daAuts
   Elf:2: 1758 daAuts
   Zot:1: 1707 daAuts
 Snake:3: 1682 daAuts
